AoeStats
← Rideronts425

Arena

504713626Analyzed
2v2 RM · 27d ago on Sep 6, 2026· 49m 12s· 4 players
Game mode
Random Map
Map size
Medium (4 player)
Population
200
Speed
Normal
Resources
Standard
Victory
Conquest
Starting age
Dark Age
Ending age
Imperial Age
RankedLock teamsTeams togetherTeam positionsShared explorationLock speedFull tech treeHidden civsTurbo modeCheats
Victory
Defeat
🇪🇸 Romans · Spain
1010
+18
🇪🇸 Persians · Spain
935
+20
🇹🇷 Vietnamese · Türkiye
1083
-21
🇱🇰 Teutons · Sri Lanka
1000
-51
Rideronts425
6:54 Loom
7:12 Loom
7:41 Loom
12:23 Feudal Age
11:48 Loom
13:10 Loom
13:50 Loom
14:45 Loom
15:53 Loom
16:19 Horse Collar
18:16 Loom
18:24 Gold Mining
22:18 Wheelbarrow
24:32 Castle Age
23:24 Scale Barding Armor
25:15 Stone Mining
25:17 Double-Bit Axe
28:15 Stone Shaft Mining
28:12 Hand Cart
29:21 Forging
30:42 Bow Saw
31:25 Heavy Plow
33:27 Ironclad
33:46 Iron Casting
33:31 Scale Mail Armor
34:34 Town Watch
39:09 Imperial Age
39:43 Chain Mail Armor
39:35 Elite Teutonic Knight
42:23 Two-Man Saw
45:56 Blast Furnace
Muvahhid
9:18 Feudal Age
11:41 Loom
14:34 Castle Age
13:19 Double-Bit Axe
14:40 Gold Mining
31:28 Horse Collar
32:01 Bow Saw
34:02 Heavy Plow
35:16 Wheelbarrow
35:17 Fletching
35:28 Padded Archer Armor
36:41 Hand Cart
36:45 Town Watch
36:52 Fletching
40:55 Imperial Age
40:25 Bodkin Arrow
40:01 Elite Skirmisher
40:46 Padded Archer Armor
dgldavidbcn
10:21 Feudal Age
11:17 Loom
17:26 Castle Age
16:02 Double-Bit Axe
16:12 Gold Mining
17:38 Wheelbarrow
16:50 Horse Collar
19:24 Bow Saw
23:45 Forging
23:36 Scale Mail Armor
23:29 Fletching
23:40 Padded Archer Armor
23:27 Crossbowman
24:13 Thumb Ring
23:56 Man-at-Arms
24:21 Gambesons
26:04 Bodkin Arrow
27:29 Long Swordsman
30:08 Leather Archer Armor
29:59 Stone Mining
31:51 Hand Cart
35:51 Imperial Age
35:24 Kamandaran
38:03 Ring Archer Armor
40:06 Gold Shaft Mining
40:50 Conscription
40:37 Elite War Elephant
43:52 Cavalier
44:32 Husbandry
44:43 Bloodlines
46:23 Ballistics
TheDafey
9:11 Loom
11:33 Feudal Age
12:39 Double-Bit Axe
16:39 Castle Age
21:26 Horse Collar
37:32 Gold Mining
39:08 Man-at-Arms
39:58 Squires
40:32 Scale Mail Armor
40:27 Long Swordsman
41:37 Forging
42:08 Chain Mail Armor
43:41 Iron Casting
45:41 Wheelbarrow
47:55 Heavy Plow
48:13 Hand Cart
47:45 Town Watch
Connection lost

Rejoining the realm…

Still unreachable

The connection could not be restored.

Session expired

The server has moved on; the page needs a fresh start.